 Dungeon Crawl Stone Soup version 0.19.4-8-ga85b6b9 (webtiles) character file.

62540 dngmouse the Cleaver (level 14, -5/139 HPs)
             Began as a Deep Dwarf Fighter on Feb 11, 2017.
             Was the Champion of Makhleb.
             Slain by an entropy weaver (13 damage)
             ... on level 6 of the Lair of Beasts.
             The game lasted 01:40:23 (17597 turns).

dngmouse the Cleaver (Deep Dwarf Fighter)          Turns: 17597, Time: 01:40:24

Health: -5/139     AC:  4    Str: 21    XL:     14   Next: 64%
Magic:  15/15      EV: 11    Int:  5    God:    Makhleb [******]
Gold:   571        SH: 21    Dex: 23    Spells: 0 memorised, 13 levels left

rFire  + + .     SeeInvis +     J - +0 war axe (vamp)
rCold  + + +     Gourm    +     y - +2 plate armour {rF+}
rNeg   + . .     Faith    .     c - +4 large shield of the Worm {rF+ Dex+2}
rPois  .         Spirit   .     i - +2 hat
rElec  .         Reflect  .     Z - +2 cloak {rC+}
rCorr  +         Harm     .     z - +2 pair of gloves
MR     ++...                    N - +0 pair of boots
Stlth  ..........               E - amulet of the gourmand
                                n - ring of resist corrosion
                                O - ring of Jodycroy {rC+ Str+2 Int-4 Dex+5 SInv}

@: lethally poisoned (-5 -> -12), about to teleport, corroded, non-regenerating
A: damage resistance, recharge devices, hooves 1, cold resistance 1, negative
energy resistance 1, sense surroundings 2, slow regeneration 3, weak 1
a: Device Recharging, Minor Destruction, Lesser Servant of Makhleb, Major
Destruction, Greater Servant of Makhleb, Renounce Religion


You were on level 6 of the Lair of Beasts.
You worshipped Makhleb.
Makhleb was exalted by your worship.
You were very full.

You visited 3 branches of the dungeon, and saw 21 of its levels.
You also visited: Ice Cave.

You collected 1654 gold pieces.
You spent 1083 gold pieces at shops.

Inventory:

Hand Weapons
 a - a +1 war axe
 J - a +0 vampiric war axe (weapon)
 L - a +1 broad axe of chopping
Missiles
 h - 11 tomahawks
 v - 5 javelins of returning
 C - 2 throwing nets (quivered)
 H - 8 poisoned tomahawks
Armour
 c - the +4 large shield of the Worm (worn) {rF+ Dex+2}
   (You bought it in a shop on level 2 of the Orcish Mines)

   It affects your dexterity (+2).
   It protects you from fire.
 i - a +2 hat (worn)
 y - a +2 plate armour of fire resistance (worn)
 z - a +2 pair of gloves (worn)
 N - a +0 pair of boots (worn)
 Z - a +2 cloak of cold resistance (worn)
Jewellery
 j - an uncursed ring of positive energy
 n - a ring of resist corrosion (right hand)
 E - an amulet of the gourmand (around neck)
 O - the ring of Jodycroy (left hand) {rC+ Str+2 Int-4 Dex+5 SInv}
   (You bought it in a shop on level 9 of the Dungeon)

   [ring of protection from cold]

   It affects your strength (+2).
   It affects your intelligence (-4).
   It affects your dexterity (+5).
   It protects you from cold.
   It lets you see invisible.
 R - an uncursed ring of protection from cold
Wands
 b - a wand of teleportation (1/9)
 e - a wand of heal wounds (0/9)
 o - a wand of iceblast (6/15)
 S - a wand of iceblast (2/15)
 T - a wand of iceblast (11/15)
 U - a wand of lightning (4/15)
 V - a wand of iceblast (4/15)
Scrolls
 d - 3 scrolls of magic mapping
 g - 8 scrolls of identify
 k - 2 scrolls of fog
 p - 4 scrolls of remove curse
 t - a scroll of enchant armour
 F - 4 scrolls of teleportation
Potions
 s - 7 potions of curing
 u - a potion of might
 D - a potion of agility
 M - 3 potions of flight
Miscellaneous
 Y - a disc of storms
Comestibles
 f - 16 bread rations
 l - a chunk of flesh
 m - 2 beef jerkies
 q - a slice of pizza
 r - 3 meat rations
 P - 8 fruits


   Skills:
 + Level 12.9 Fighting
 + Level 14.9 Axes
 + Level 12.4 Armour
 - Level 11.1 Dodging
 + Level 8.1 Shields
 - Level 7.0 Evocations


You had 13 spell levels left.
You didn't know any spells.

Dungeon Overview and Level Annotations

Branches:
Dungeon (13/15)            Temple (0/1) D:6            Lair (6/6) D:11
  Swamp (0/4) Lair:3       Spider (0/4) Lair:4          Orc (2/2) D:12
    Elf (0/3) Orc:2
  Slime: Lair:5-6    Vaults: D:13-14

Altars:
Ashenzari
Dithmenos
Makhleb
Okawaru
Ru
Sif Muna
Uskayaw
Xom
Yredelemnul
The Shining One
Beogh

Shops:
D:9 =   Orc:1 ?   Orc:2 ([[[


Innate Abilities, Weirdness & Mutations

You are resistant to damage.
You can recharge devices by infusing magical energy.
You resist negative energy. (rN+)
You passively map the area around you.
You do not regenerate.
You have large cloven feet.
Your flesh is cold resistant. (rC+)
You are weak. (Str -2)


Message History

Evoke which item? (* to show all) (? for menu, Esc to quit)
Zapping:
e - a wand of heal wounds (2/9)
Press: ? - help, Shift-Dir - straight line, f - you You feel much better.
This wand has 1 charge left.
You feel sick.
The blink frog blinks!
You block the entropy weaver's attack. x3
The entropy weaver hits you!
* * * LOW HITPOINT WARNING * * *
The soldier ant barely misses you.
Evoke which item? (* to show all) (? for menu, Esc to quit)
Zapping:
e - a wand of heal wounds (1/9)
Press: ? - help, Shift-Dir - straight line, f - you You feel much better.
This wand has 0 charges left.
You feel sick.
The blink frog blinks!
The entropy weaver hits you!
* * * LOW HITPOINT WARNING * * *
You block the entropy weaver's attack. The entropy weaver closely misses you.
You block the entropy weaver's attack.
The blink frog blinks!
The soldier ant stings you. The entropy weaver hits you!
* * * LOW HITPOINT WARNING * * *
The entropy weaver hits you!
You die...

#....##.#####.....#...###
**
##....##.#.##............##
#.....#...#..F..........#.#
###.....................###
##....÷...............)## *
##...##.§..............# ,
* ######...F............#
#†§a.............# **
*##@a............## , , *
##.P...§.......# **, *
*,##............## ** , ,
*###P..........# ,, * ,
##........### , ** , ,
##......## , , * #.....## ,
,, , , ###..P.###### , , ,,
#P.......P##.#


You could see an entropy weaver, 2 blink frogs and a soldier ant.

Vanquished Creatures
  Donald (Orc:2)
  Josephine (D:10)
  Fannar (D:11)
  Harold (D:11)
  2 hydras (Lair:3)
  The ghost of Paps the Grappler, a novice TrFi of Okawaru (D:10)
  A centaur warrior (D:12)
  An ogre mage (Orc:2)
  7 death yaks
  The ghost of Paps the Ruffian, a novice TrFi (D:6)
  Pikel (D:6)
  2 deep trolls
  A necromancer (IceCv)
  5 hill giants
  An ugly thing (D:12)
  3 cyclopes
  7 elephants
  2 oklob plants
  An orc sorcerer (Orc:1)
  3 black mambas
  2 torpor snails
  An ice statue (IceCv)
  5 spiny frogs
  A kobold demonologist (D:12)
  5 komodo dragons
  10 freezing wraiths (IceCv)
  2 jumping spiders (Lair:4)
  10 trolls
  A wolf spider simulacrum (IceCv)
  7 two-headed ogres
  Grinder (D:5)
  6 slime creatures
  8 dream sheep
  18 blink frogs
  7 hippogriffs
  A redback (Lair:4)
  5 wraiths
  29 yaks
  A wyvern (Lair:3)
  Eustachio (D:5)
  5 hungry ghosts
  2 vampire mosquitoes (D:13)
  Edmund (D:5)
  A warg (Orc:1)
  3 soldier ants
  11 water moccasins
  8 porcupines
  Duvessa (D:5)
  16 orc warriors
  2 slaves
  11 ice beasts
  A phantom (D:9)
  2 necrophages
  2 sky beasts
  An alligator simulacrum (IceCv)
  3 centaurs
  22 wolves
  30 ogres
  11 crocodiles
  4 big kobolds
  14 bullfrogs
  Dowan (D:5)
  5 wights
  10 howler monkeys
  5 crimson imps
  A bullfrog zombie (D:7)
  2 quasits
  6 draconian simulacra (IceCv)
  3 jellies
  13 orc priests
  6 hounds
  Crazy Yiuf (D:6)
  3 bullfrog skeletons
  A centaur skeleton (D:5)
  4 iguanas
  23 orc wizards
  11 hell rats
  18 worker ants
  A polar bear simulacrum (IceCv)
  2 troll simulacra (IceCv)
  A killer bee zombie (D:8)
  A wolf simulacrum (IceCv)
  4 centaur simulacra (IceCv)
  2 hound zombies
  4 hound skeletons
  17 gnolls
  4 naga simulacra (IceCv)
  6 adders
  4 ogre simulacra (IceCv)
  9 river rats
  4 shadow imps
  24 white imps
  2 oozes
  2 adder zombies
  2 adder skeletons
  5 worms
  2 dart slugs
  4 leopard geckos
  68 orcs
  A ball python (D:5)
  7 bats
  3 giant cockroaches
  6 goblins
  6 hobgoblins
  4 jackals
  5 quokkas
  2 frilled lizards
  25 kobolds
  A quokka skeleton (D:7)
  35 rats
  5 plants
696 creatures vanquished.

Vanquished Creatures (others)
  2 wights (D:6)
  A crimson imp (D:6)
  A worker ant (D:6)
  An orc (D:11)
  2 fungi
  2 plants
9 creatures vanquished.

Grand Total: 705 creatures vanquished

Notes
Turn   | Place    | Note
-------+----------+-------------------------------------------
     0 | D:1      | dngmouse the Deep Dwarf Fighter began the quest for the Orb.
     0 | D:1      | Reached XP level 1. HP: 20/20 MP: 1/1
   252 | D:1      | Reached XP level 2. HP: 25/27 MP: 2/2
   616 | D:1      | Reached skill level 3 in Axes
   990 | D:2      | Found a shimmering altar of Xom.
  1048 | D:2      | Reached XP level 3. HP: 31/34 MP: 3/3
  1350 | D:2      | Found a burning altar of Makhleb.
  1355 | D:2      | Became a worshipper of Makhleb the Destroyer
  1446 | D:2      | Found a shadowy altar of Dithmenos.
  1669 | D:3      | Reached XP level 4. HP: 29/42 MP: 4/4
  1755 | D:3      | Reached skill level 4 in Axes
  2084 | D:3      | Reached XP level 5. HP: 35/50 MP: 5/5
  2091 | D:3      | Reached * piety under Makhleb
  2226 | D:4      | Reached skill level 5 in Axes
  2320 | D:4      | Reached skill level 6 in Axes
  2320 | D:4      | Reached XP level 6. HP: 23/57 MP: 6/6
  2669 | D:4      | Reached skill level 1 in Evocations
  2676 | D:4      | Found a deep blue altar of Sif Muna.
  2900 | D:5      | Entered Level 5 of the Dungeon
  2969 | D:5      | Noticed Edmund
  2979 | D:5      | Reached skill level 7 in Axes
  3018 | D:5      | Killed Edmund
  3018 | D:5      | Reached XP level 7. HP: 26/64 MP: 7/7
  3125 | D:5      | Reached skill level 8 in Axes
  3216 | D:5      | Reached ** piety under Makhleb
  3276 | D:5      | Noticed Duvessa
  3277 | D:5      | Noticed Dowan
  3294 | D:5      | Killed Duvessa
  3300 | D:5      | Killed Dowan
  3312 | D:5      | Noticed Grinder
  3314 | D:5      | Paralysed by Grinder for 4 turns
  3326 | D:5      | Killed Grinder
  3326 | D:5      | Reached skill level 9 in Axes
  3326 | D:5      | Reached XP level 8. HP: 64/72 MP: 8/8
  3522 | D:5      | Noticed Eustachio
  3533 | D:5      | Killed Eustachio
  3533 | D:5      | Reached skill level 10 in Axes
  3542 | D:5      | Found a glowing golden altar of the Shining One.
  3612 | D:6      | Noticed Pikel
  3913 | D:6      | Found a runed door.
  3936 | D:6      | Found a staircase to the Ecumenical Temple.
  3973 | D:6      | Killed Pikel
  3973 | D:6      | Reached skill level 11 in Axes
  3994 | D:6      | Noticed Paps's ghost (novice TrFi)
  4027 | D:6      | Killed Paps's ghost
  4027 | D:6      | Reached skill level 12 in Axes
  4027 | D:6      | Gained mutation: You passively map the area around you. [Deep Dwarf growth]
  4027 | D:6      | Reached XP level 9. HP: 51/78 MP: 9/9
  4033 | D:6      | Reached skill level 13 in Axes
  4043 | D:6      | Paralysed by fainting for 9 turns
  4054 | D:6      | Paralysed by fainting for 12 turns
  4400 | D:6      | Noticed Crazy Yiuf
  4407 | D:6      | Killed Crazy Yiuf
  4474 | D:7      | Reached skill level 1 in Dodging
  4866 | D:7      | Gained mutation: You have large cloven feet. [potion of mutation]
  4866 | D:7      | Gained mutation: Your flesh is cold resistant. (rC+) [potion of mutation]
  4866 | D:7      | Gained mutation: You are weak. (Str -2) [potion of mutation]
  5447 | D:8      | Found a basalt altar of Yredelemnul.
  5454 | D:8      | Reached *** piety under Makhleb
  5549 | D:8      | Reached skill level 5 in Fighting
  5752 | D:8      | Reached skill level 5 in Armour
  5973 | D:8      | Reached XP level 10. HP: 46/88 MP: 12/12
  5973 | D:8      | Paralysed by fainting for 9 turns
  6101 | D:8      | Reached skill level 5 in Evocations
  6457 | D:9      | Found a sacrificial altar of Ru.
  6458 | D:9      | Found a shimmering altar of Xom.
  6459 | D:9      | Found a shattered altar of Ashenzari.
  6666 | D:9      | Reached **** piety under Makhleb
  6754 | D:9      | Found Dojag's Jewellery Shop.
  6839 | D:9      | Found an iron altar of Okawaru.
  6839 | D:9      | Found a hide-covered altar of Uskayaw.
  7106 | D:10     | Entered Level 10 of the Dungeon
  7205 | D:10     | Noticed Paps's ghost (novice TrFi)
  7243 | D:10     | Killed Paps's ghost
  7243 | D:10     | Reached skill level 5 in Dodging
  7292 | D:10     | Noticed Josephine
  7315 | D:10     | Killed Josephine
  7357 | D:10     | Reached XP level 11. HP: 89/100 MP: 14/14
  7796 | D:11     | Found a staircase to the Lair.
  7796 | D:11     | Noticed Fannar
  7829 | D:11     | Reached ***** piety under Makhleb
  7885 | D:11     | Noticed Harold
  7933 | D:11     | Killed Harold
  8301 | D:11     | Killed Fannar
  8630 | D:12     | Noticed a hill giant
  8638 | D:12     | Killed a hill giant
  8774 | D:12     | Noticed a purple ugly thing
  8801 | D:12     | Killed a purple ugly thing
  8818 | D:12     | Noticed a centaur warrior
  8825 | D:12     | Killed a centaur warrior
  8905 | D:12     | HP: 3/106 [titanic slime creature (63)]
  8989 | D:12     | Reached XP level 12. HP: 114/115 MP: 14/14
  9075 | D:12     | Found a staircase to the Orcish Mines.
  9139 | D:12     | Found a roughly hewn altar of Beogh.
  9529 | D:13     | Reached skill level 10 in Fighting
  9585 | Orc:1    | Entered Level 1 of the Orcish Mines
 10047 | Orc:1    | Found Jompefoa's Magic Scroll Boutique.
 10055 | Orc:1    | Bought a scroll of recharging for 123 gold pieces
 10162 | Orc:2    | Entered Level 2 of the Orcish Mines
 10212 | Orc:1    | Reached ****** piety under Makhleb
 10495 | Orc:2    | Noticed an ogre mage
 10537 | Orc:2    | HP: 2/118 [something/bolt of poison (27)]
 10670 | Orc:2    | Reached skill level 10 in Armour
 10682 | Orc:2    | Killed an ogre mage
 10738 | Orc:2    | Found a roughly hewn altar of Beogh.
 10839 | Orc:2    | Found Tathresa's Armour Boutique.
 10840 | Orc:2    | Found Xuwoethrithro's Antique Armour Shoppe.
 10841 | Orc:2    | Found Wampiz's Weapon Emporium.
 10853 | Orc:2    | Found Piteex's Armour Shoppe.
 10864 | Orc:2    | Noticed Donald
 10892 | Orc:2    | Killed Donald
 10892 | Orc:2    | Reached XP level 13. HP: 53/127 MP: 15/15
 10942 | Orc:2    | Bought an ancient large shield for 323 gold pieces
 10942 | Orc:2    | Identified the +4 large shield of the Worm {rF+ Dex+2} (You bought it in a shop on level 2 of the Orcish Mines)
 11253 | Orc:2    | Found a staircase to the Elven Halls.
 11554 | D:12     | Reached skill level 10 in Dodging
 11592 | Lair:1   | Entered Level 1 of the Lair of Beasts
 11762 | Lair:1   | Reached skill level 14 in Axes
 11897 | Lair:1   | Got an ivory flail
 12058 | D:9      | Bought the ring of Jodycroy {rC+ Str+2 Int-4 Dex+5 SInv} for 637 gold pieces
 12165 | Lair:1   | Identified the +1 flail of Ambiguity {holy, Dex+7} (You found it on level 1 of the Lair of Beasts)
 12951 | Lair:2   | Reached skill level 5 in Shields
 13291 | Lair:2   | Found a frozen archway.
 13315 | IceCv    | Entered an ice cave
 13533 | IceCv    | Found an ancient bone altar of Kikubaaqudgha.
 14691 | Lair:3   | Found a staircase to the Swamp.
 15006 | Lair:4   | Gained mutation: You resist negative energy. (rN+) [Deep Dwarf growth]
 15006 | Lair:4   | Reached XP level 14. HP: 138/138 MP: 15/15
 15096 | Lair:4   | Found a hole to the Spider Nest.
 17215 | Lair:6   | Entered Level 6 of the Lair of Beasts
 17363 | Lair:6   | Noticed an entropy weaver
 17595 | Lair:6   | HP: 2/139 [blink frog (5)]
 17597 | Lair:6   | Slain by an entropy weaver

Skill      XL: |  1  2  3  4  5  6  7  8  9 10 11 12 13 14 |
---------------+-------------------------------------------+-----
Fighting       | 3 4 5 7 9 11 12 | 12.9
Axes           | 3 4 6 7 9 12 13 14 | 14.9
Evocations     | 1 4 6 7 |  7.0
Dodging        | 3 6 8 9 10 11 | 11.1
Armour         | 5 7 8 10 11 12 | 12.4
Shields        | 6 8 |  8.1

Action                   |  1- 3 |  4- 6 |  7- 9 | 10-12 | 13-15 || total
-------------------------+-------+-------+-------+-------+-------++-------
Melee: War axe           |   121 |   197 |   377 |  1212 |  1410 ||  3317
       Kick              |       |       |    38 |   473 |   138 ||   649
Throw: Tomahawk          |       |       |       |     5 |    34 ||    39
       Throwing net      |       |       |       |       |     3 ||     3
 Abil: Device Recharging |       |       |     1 |     2 |     1 ||     4
Evoke: Wand              |       |     5 |    17 |    20 |     7 ||    49
  Use: Scroll            |       |     4 |     8 |     7 |     7 ||    26
       Potion            |       |     4 |     4 |     5 |     3 ||    16
 Stab: Invisible         |       |       |     3 |       |       ||     3
       Paralysed         |       |       |     5 |    26 |       ||    31
  Eat: Chunk             |     3 |     4 |    16 |    59 |    24 ||   106
       Pizza             |       |       |       |     1 |       ||     1
Armor: Scale mail        |    50 |    24 |   182 |   267 |       ||   523
       Chain mail        |       |    86 |       |       |       ||    86
       Skin              |       |       |       |    40 |       ||    40
       Plate armour      |       |       |       |   208 |   892 ||  1100
Dodge: Dodged            |    23 |    48 |   118 |   465 |   739 ||  1393
Block: Shield            |    52 |    99 |   146 |   560 |   679 ||  1536
       Reflection        |       |       |       |       |     7 ||     7
       Large shield      |       |       |       |       |   583 ||   583
